Map: Galactic Process LE

Players

edge

  • Race: Terran Terran
  • League: Gold

Nickos - Winner!

  • Race: Terran Terran
  • League: Gold

VOD

Have the link to the VOD?

Description

Time

  • Played on: Sept. 30, 2016, 9:50 p.m.
  • Length: 12:14
Show
View Real Time Build Order
Export as new Build Order

edge Terran 

Build Orders: MMM Bio 

Get SALT Encoding   

  12  0:05  SCV  
  13  0:17  SCV  
  14  0:27  Supply Depot  
  14  0:29  SCV  
  15  0:49  SCV  
  16  0:52  Barracks  
  16  1:01  SCV  
  17  1:13  SCV  
  18  1:25  SCV  
  19  1:28  Command Center  
  19  1:39  Marine  
  20  1:45  Bunker  
  20  1:53  SCV  
  21  2:01  Refinery  
  21  2:03  Refinery  
  21  2:15  Orbital Command  
  20  2:21  Barracks  
  20  2:23  Marine  
  21  2:33  Bunker  
  21  2:40  Marine  
  22  2:45  Supply Depot  
  22  2:47  SCV  
  22  2:58  Marine  
  23  3:10  Orbital Command  
  23  3:20  Factory  
  23  3:21  Barracks Tech Lab  
  23  3:32  Engineering Bay, Barracks Reactor  
  23  3:37  Supply Depot  
  25  3:41  Marauder  
  25  3:45  Stimpack  
  25  3:50  SCV x2  
  27  4:05  Factory Tech Lab  
  27  4:08  Marine  
  27  4:09  Marauder  
  30  4:10  Starport  
  30  4:19  SCV x2  
  32  4:26  Refinery  
  32  4:30  Refinery  
  32  4:31  Marine x3, SCV x2  
  34  4:34  Terran Infantry Weapons Level 1  
  37  4:43  SCV x2  
  39  4:48  Supply Depot  
  39  4:50  Viking  
  39  4:52  Marine  
  42  4:59  SCV x2  
  44  5:04  Marine  
  44  5:07  Siege Tank  
  48  5:11  Supply Depot  
  48  5:17  Missile Turret  
  48  5:23  Missile Turret  
  48  5:25  Liberator  
  48  5:39  Siege Tank  
  51  5:44  Medivac  
  56  6:03  Sensor Tower  
  56  6:06  SCV x2  
  56  6:08  Marauder, Marine  
  61  6:18  SCV  
  52  6:25  Marine  
  52  6:29  Marine  
  53  6:43  Marine  
  53  6:46  SCV x2  
  56  6:47  Marauder  
  58  6:54  Siege Tank  
  58  6:58  SCV  
  62  7:01  Marine  
  62  7:02  Combat Shields, Command Center  
  62  7:05  Terran Infantry Armor Level 1  
  63  7:08  Marine  
  63  7:10  Armory  
  63  7:12  Medivac  
  66  7:19  Marine  
  67  7:26  Siege Tank  
  70  7:37  Supply Depot  
  70  7:38  Supply Depot  
  70  7:39  Supply Depot  
  70  7:40  Missile Turret  
  70  7:41  SCV x2  
  72  7:47  Marine  
  72  7:48  Marauder  
  75  7:53  SCV  
  76  8:05  Marine  
  77  8:08  SCV x2  
  77  8:09  Marauder  
  81  8:16  Factory  
  81  8:20  SCV x2  
  81  8:22  Barracks  
  81  8:25  Orbital Command  
  83  8:28  Marine  
  83  8:30  Marauder  
  83  8:32  SCV x2  
  70  9:34  Liberator x2  
  70  9:46  SCV x3  
  70  9:47  Marauder, Marine x2  
  70  9:49  Factory Tech Lab  
  83  9:58  SCV x3  
  86  10:02  Engineering Bay  
  86  10:03  Armory, Supply Depot  
  86  10:04  Marine x2  
  86  10:05  Supply Depot  
  88  10:09  Sensor Tower, Marauder  
  88  10:12  SCV x3  
  93  10:18  Refinery  
  93  10:19  Refinery  
  93  10:22  Marine x2  
  95  10:30  Marauder  
  95  10:34  Medivac, Viking  
  101  10:39  Starport  
  101  10:42  SCV  
  102  10:51  Marauder  
  102  10:52  Supply Depot  
  102  10:56  Barracks Reactor  
  104  10:58  Thor  
  116  11:04  Viking x2  
  116  11:11  Marine  
  121  11:12  Marine  
  122  11:25  Missile Turret  
  116  11:29  Marine  
Show
View Real Time Build Order
Export as new Build Order

Nickos Terran - Winner!

Build Orders: Reaper Expand, MMM Bio 

Get SALT Encoding   

  12  0:01  SCV  
  13  0:13  SCV  
  14  0:17  Supply Depot  
  14  0:25  SCV  
  15  0:38  SCV  
  15  0:39  Barracks  
  16  0:45  Refinery  
  16  0:50  SCV  
  17  1:09  SCV  
  18  1:21  SCV  
  19  1:28  Reaper  
  20  1:33  Orbital Command  
  20  1:44  Command Center  
  20  1:59  Barracks  
  20  2:00  Marine  
  21  2:05  SCV  
  22  2:15  Supply Depot  
  22  2:17  SCV  
  23  2:27  Barracks Reactor  
  23  2:37  SCV  
  23  2:38  Factory  
  24  2:45  Refinery  
  24  2:47  Barracks Tech Lab  
  24  2:49  SCV  
  25  3:03  Marine x2  
  25  3:05  Orbital Command, SCV  
  27  3:10  Stimpack  
  27  3:13  Marine  
  27  3:17  SCV  
  29  3:28  Marine x2  
  29  3:29  SCV  
  32  3:35  Starport  
  32  3:38  SCV  
  32  3:41  SCV, Marine  
  34  3:42  Factory Reactor  
  34  3:46  Marine  
  36  3:50  Marine, SCV  
  36  3:53  SCV  
  39  3:59  Marine  
  39  4:02  SCV  
  41  4:05  SCV  
  41  4:06  Marine  
  41  4:08  Marine  
  44  4:14  SCV  
  45  4:17  SCV  
  46  4:36  Supply Depot  
  46  4:47  Factory Tech Lab, Supply Depot  
  46  4:53  Engineering Bay  
  46  4:55  Engineering Bay  
  46  4:57  Marine x2  
  46  4:58  Medivac x2, SCV x2  
  54  5:02  Barracks x2  
  54  5:04  Supply Depot  
  54  5:08  Marine  
  54  5:10  SCV x2  
  54  5:11  Siege Tank  
  54  5:12  Combat Shields  
  60  5:15  Marine  
  61  5:22  SCV  
  61  5:26  SCV, Marine x2  
  61  5:27  Medivac, Supply Depot  
  67  5:29  Supply Depot  
  67  5:34  SCV  
  68  5:38  SCV  
  68  5:39  Marine  
  70  5:44  Marine  
  70  5:49  Marine  
  73  5:51  Barracks Tech Lab  
  73  5:54  SCV x2  
  74  5:59  Marine  
  74  6:01  Siege Tank, Marine  
  78  6:12  Command Center  
  72  6:24  Liberator  
  67  6:39  Marine x3  
  67  6:40  Marauder  
  72  6:56  SCV x2  
  72  6:57  Concussive Shells  
  72  6:58  Marauder  
  72  6:59  Barracks Reactor  
  76  7:04  Refinery  
  76  7:06  Marine x2  
  76  7:07  Marauder  
  80  7:13  Supply Depot  
  80  7:15  Supply Depot  
  80  7:19  Siege Tank, Marauder  
  85  7:23  Marine  
  85  7:24  Marine  
  85  7:27  Barracks  
  85  7:28  Barracks  
  85  7:29  Barracks  
  87  7:30  Barracks x2  
  87  7:34  Orbital Command  
  87  7:36  Terran Infantry Weapons Level 1  
  87  7:41  Marine, SCV x2  
  87  7:42  Marine x3  
  87  7:43  Marauder  
  87  7:44  Marauder  
  97  7:59  Marine  
  97  8:00  Marine x2  
  97  8:03  SCV  
  97  8:04  SCV x2  
  97  8:05  Missile Turret  
  103  8:09  Missile Turret  
  103  8:11  Terran Infantry Armor Level 1  
  103  8:13  Marine  
  103  8:14  Marauder x2  
  103  8:16  SCV x3  
  103  8:18  Barracks Reactor x2  
  103  8:19  Barracks Tech Lab  
  111  8:21  Barracks Tech Lab  
  111  8:32  Refinery  
  111  8:35  Marauder, SCV x3  
  116  8:43  Marine, Marauder  
  116  8:44  Marine  
  119  8:55  Marine x5  
  107  8:56  Command Center  
  93  9:13  Marine x4  
  93  9:14  Marine x4  
  93  9:15  Marauder x3  
  93  9:16  Marauder  
  95  9:32  Marine x2  
  95  9:33  Marine x5  
  95  9:36  Marauder x2  
  106  9:39  Marauder  
  109  9:49  Armory  
  109  9:50  SCV  
  109  9:51  Liberator  
  109  10:08  SCV, Marauder x2, Marine x7  
  109  10:12  Supply Depot  
  124  10:17  Supply Depot  
  124  10:21  Orbital Command  
  124  10:29  Missile Turret  
  124  10:34  Marauder x2, Marine x4  
  132  10:38  SCV x2, Marine  
  132  10:41  Marine x3  
  132  10:42  Marauder  
  140  10:45  Supply Depot  
  140  10:50  SCV x2  
  140  10:52  Marine  
  140  10:56  Marine x4  
  140  10:57  Marine x2  
  147  11:02  Marine x3  
  151  11:05  Marine x2  
  151  11:09  Marine  
  154  11:19  Marine x3  
  155  11:33  Marine x2  
  152  11:47  Marine x4  
  152  11:49  Marine  
  152  11:50  Marine x3  
  152  11:51  Marine  
Tags
 
Add a new tag
Caveats
  • Supply blocks, unpowered buildings, or Contaminate may cause inaccurate times.
  • Supply counts are checked every 10 seconds.